 Dungeon Crawl Stone Soup version 0.23.2-1-ga50397a (webtiles) character file.

Game seed: 16693750025675162968

3962 Gadfly the Basher (level 10, -3/91 HPs)
             Began as a Troll Berserker on May 28, 2019.
             Was a High Priest of Trog.
             Shot with an arrow by a centaur (9 damage)
             ... on level 7 of the Dungeon.
             The game lasted 00:12:57 (5780 turns).

Gadfly the Basher (Troll Berserker)                 Turns: 5780, Time: 00:12:58

Health: -3/91      AC:  8    Str: 29    XL:     10   Next: 2%
Magic:  11/11      EV: 11    Int:  3    God:    Trog [*****.]
Gold:   411        SH:  0    Dex: 10    Spells: 9/9 levels left

rFire    . . .     SeeInvis .   a - +0 flail (protect)
rCold    . . .     Gourm    +   (no shield)
rNeg     . . .     Faith    .   r - +2 robe {MR+}
rPois    .         Spirit   .   (helmet restricted)
rElec    .         Reflect  .   (no cloak)
rCorr    .         Harm     .   (gloves unavailable)
MR       +....                  (boots unavailable)
Stlth    +.........             (no amulet)
HPRegen  0.65/turn              (no ring)
MPRegen  0.12/turn              (no ring)

@: marked, berserk cooldown, slowed, very slow
A: large, unfitting armour, claws 3, fast metabolism 3, gourmand, regeneration
1, shaggy fur 1, tough skin 3
a: Berserk, Trog's Hand, Brothers in Arms, Renounce Religion


You were on level 7 of the Dungeon.
You worshipped Trog.
Trog was extremely pleased with you.
You were very full.

You visited 1 branch of the dungeon, and saw 7 of its levels.
You also visited: Ossuary.

You collected 411 gold pieces.

Inventory:

Hand Weapons
 a - a +0 flail of protection (weapon)
 b - a +3 flail of holy wrath
 k - a +0 flail of crushing
 w - a +3 flail
Missiles
 e - 141 stones (quivered)
Armour
 r - a +2 robe of magic resistance (worn)
Wands
 f - a wand of iceblast (20)
 q - a wand of disintegration (4)
 s - a wand of scattershot (5)
 u - a wand of paralysis (5)
Scrolls
 j - 9 scrolls of teleportation
 p - 3 scrolls of remove curse
 x - a scroll of fear
Potions
 d - 8 potions of curing
 g - a potion of heal wounds {unknown}
 h - a potion of haste {unknown}
 i - 2 potions of flight
 l - a potion of agility
 m - a potion of ambrosia
 n - 2 potions of might {unknown}
 o - a potion of lignification {unknown}
 v - 2 potions of brilliance {unknown}
 z - 2 potions of invisibility
Comestibles
 c - 19 rations
 t - 4 chunks of flesh


   Skills:
 + Level 3.6 Fighting
 * Level 10.8 Maces & Flails
 * Level 5.0 Throwing
 + Level 3.6 Dodging
 * Level 3.3 Evocations


You had 9 spell levels left.
You didn't know any spells.
Your spell library was empty.

Dungeon Overview and Level Annotations

Branches:
Dungeon (7/15)             Temple (0/1) D:5

Altars:
Ashenzari
Elyvilon
Gozag
Hepliaklqana
Kikubaaqudgha
Okawaru
The Shining One

Annotations:
D:7 Harold


Innate Abilities, Weirdness & Mutations

You are too large for most types of armour.
You have claws for hands.
Your metabolism is lightning-fast.
You like to eat raw meat.
Your natural rate of healing is unusually fast.
You are covered in fur. (AC +1)
You have extremely tough skin. (AC +3)


Message History

Things that are here:
a +0 giant club; an ogre corpse Harold throws a throwing net.
The throwing net hits you.
You become entangled in the net!
You see here a throwing net.
You tear a large gash into the net.
You feel your anger nearly subside.
You are no longer berserk.
You are exhausted.
You feel yourself slow down.
The centaur shoots an arrow.
The arrow barely misses you. Harold casts a spell at you.
A sentinel's mark forms upon you.
You struggle against the net.
The centaur shoots an arrow.
The arrow hits you but does no damage.
The centaur shoots an arrow.
The arrow barely misses you.
You shred the net and break free!
The centaur shoots an arrow.
The arrow closely misses you.
Harold throws a throwing net.
The throwing net barely misses you.
The centaur shoots an arrow.
The arrow hits you!
You die...

#. #........ #.
#........ #.
#........ #.
#..(...[. #. #.....
#........ #. #.....#
#.....(.. #. #.....#
#....# #.
#.....#####@...# #.
#.....##.@)....# #.
#.....##(##....# #.
#........(c....# ##.
#.......c≈...### #..
#............# #.[
###..........+ #[.
########.........%#
#.<
....÷..'............
#..


You could see Harold and a centaur.

Vanquished Creatures
  A human (D:7)
  4 hogs (D:7)
  Menkaure (D:6)
  Duvessa (D:5)
  A water moccasin (D:4)
  An orc warrior (D:6)
  A necrophage (D:6)
  2 phantoms
  2 sky beasts (D:7)
  4 ogres
  2 centaurs
  Blork the orc (D:4)
  An elf zombie (Ossuary)
  4 bullfrogs
  Dowan (D:5)
  A scorpion (D:4)
  3 killer bees (D:7)
  4 wights (D:6)
  2 howler monkeys (D:4)
  2 crimson imps (D:7)
  2 centaur zombies
  A bullfrog zombie (D:7)
  A centaur skeleton (D:4)
  A human zombie (Ossuary)
  A hound (D:6)
  An orc priest (D:7)
  A gnoll shaman (D:6)
  11 orc wizards
  A bullfrog skeleton (D:5)
  Terence (D:3)
  2 worker ants
  Ijyb (D:5)
  A big kobold zombie (Ossuary)
  2 hound zombies (Ossuary)
  3 mummies (Ossuary)
  4 gnolls (D:6)
  9 adders
  An ooze (D:3)
  7 adder zombies (Ossuary)
  An adder skeleton (D:4)
  A worm (D:3)
  A dart slug (D:5)
  3 leopard geckos
  17 orcs
  3 giant cockroaches
  2 gnoll zombies
  7 goblins
  13 hobgoblins
  3 jackals (D:4)
  8 kobolds
  4 bats
  5 frilled lizards
  A goblin zombie (Ossuary)
  A hobgoblin zombie (Ossuary)
  5 jackal zombies (Ossuary)
  An orc zombie (D:4)
  5 quokka zombies (Ossuary)
  8 rats
  4 rat zombies (Ossuary)
183 creatures vanquished.

Notes
Turn   | Place    | Note
-------+----------+-------------------------------------------
     0 | D:1      | Gadfly the Troll Berserker began the quest for the Orb.
     0 | D:1      | Reached XP level 1. HP: 22/22 MP: 0/0
    82 | D:1      | Reached skill level 3 in Maces & Flails
    93 | D:1      | Reached XP level 2. HP: 29/29 MP: 1/1
   318 | D:1      | Reached skill level 1 in Throwing
   893 | D:2      | Reached XP level 3. HP: 24/36 MP: 2/2
   935 | D:2      | Found a glowing golden altar of the Shining One.
  1045 | D:2      | Found a hazy altar of Hepliaklqana.
  1072 | D:2      | Reached ** piety under Trog
  1460 | D:2      | Reached skill level 4 in Maces & Flails
  1460 | D:2      | Reached XP level 4. HP: 44/44 MP: 3/3
  1653 | D:3      | Found an opulent altar of Gozag.
  1854 | D:3      | Found a faded altar of an unknown god.
  2101 | D:3      | Noticed Terence
  2116 | D:3      | Killed Terence
  2116 | D:3      | Reached XP level 5. HP: 36/50 MP: 4/4
  2336 | D:4      | Found an iron altar of Okawaru.
  2420 | D:4      | Found a sand-covered staircase.
  2426 | D:4      | Reached skill level 5 in Maces & Flails
  2442 | D:4      | Noticed Blork the orc
  2464 | D:4      | Reached XP level 6. HP: 40/59 MP: 5/5
  2472 | D:4      | Killed Blork the orc
  2475 | D:4      | Reached *** piety under Trog
  2508 | Ossuary  | Entered an ossuary
  2527 | Ossuary  | Reached skill level 6 in Maces & Flails
  2720 | Ossuary  | Reached XP level 7. HP: 66/66 MP: 6/6
  2809 | Ossuary  | Reached skill level 7 in Maces & Flails
  2898 | D:4      | Reached **** piety under Trog
  2961 | D:4      | Reached skill level 8 in Maces & Flails
  3040 | D:4      | Found an ancient bone altar of Kikubaaqudgha.
  3236 | D:4      | Found a shattered altar of Ashenzari.
  3319 | D:5      | Entered Level 5 of the Dungeon
  3365 | D:5      | Found a staircase to the Ecumenical Temple.
  3439 | D:5      | Reached XP level 8. HP: 35/74 MP: 7/7
  3521 | D:5      | Noticed Ijyb
  3537 | D:5      | Killed Ijyb
  3674 | D:5      | Noticed Dowan
  3677 | D:5      | Noticed Duvessa
  3683 | D:5      | Killed Dowan
  3683 | D:5      | Reached skill level 9 in Maces & Flails
  3696 | D:5      | Killed Duvessa
  4255 | D:6      | Reached skill level 10 in Maces & Flails
  4487 | D:6      | Reached skill level 1 in Evocations
  4515 | D:6      | Reached XP level 9. HP: 80/80 MP: 8/8
  4690 | D:6      | Reached ***** piety under Trog
  4755 | D:7      | Noticed Menkaure
  4950 | D:6      | Killed Menkaure
  5484 | D:7      | Found a white marble altar of Elyvilon.
  5754 | D:7      | Noticed Harold
  5772 | D:7      | HP: 6/124 [ogre/+0 giant club (17)]
  5773 | D:7      | Reached skill level 5 in Throwing
  5773 | D:7      | Reached XP level 10. HP: 7/91 MP: 11/11
  5780 | D:7      | Shot with an arrow by a centaur

Skill      XL: |  1  2  3  4  5  6  7  8  9 |
---------------+----------------------------+-----
Maces & Flails | 3 4 5 6 8 10 | 10.8
Throwing       | 1 2 3 5 |  5.0
Evocations     | 1 3 |  3.3
Fighting       | 3 |  3.6
Dodging        | 3 |  3.6

Action                   |  1- 3 |  4- 6 |  7- 9 | 10-12 || total
-------------------------+-------+-------+-------+-------++-------
Melee: Mace              |    93 |       |       |       ||    93
       Whip              |    31 |    82 |    37 |       ||   150
       Flail             |       |    78 |   368 |     1 ||   447
Throw: Stone             |     3 |       |       |       ||     3
Invok: Berserk           |       |       |     3 |       ||     3
  Use: Scroll            |       |     5 |     8 |       ||    13
       Potion            |       |       |     1 |       ||     1
  Eat: Chunk             |    16 |    15 |    30 |       ||    61
Armor: Animal skin       |    41 |    58 |     3 |       ||   102
       Robe              |       |       |   128 |     1 ||   129
Dodge: Dodged            |    88 |    82 |   199 |     4 ||   373
